 Dungeon Crawl Stone Soup version 0.13.0-19-g8e0b589 (webtiles) character file.

3683 Kejsarherre the Basher (level 9, 0/92 HPs)
             Began as an Ogre Hunter on Oct 25, 2013.
             Was a Follower of the Shining One.
             Slain by a troll (9 damage)
             ... on Level 8 of the Dungeon.
             The game lasted 00:21:04 (8519 turns).

Kejsarherre the Basher (Ogre Hunter)                Turns: 8519, Time: 00:21:05

HP   0/92        AC  3     Str 22      XL: 9   Next: 97%
MP   8/8         EV 10     Int 10      God: the Shining One [*.....]
Gold 466         SH  0     Dex 10      Spells:  0 memorised,  8 levels left

Res.Fire  : . . .   See Invis. : .   c - +0 giant club
Res.Cold  : + . .   Warding    : .   p - +0 robe of Bidwag {rC+ MR++ Acc+5}
Life Prot.: . . .   Conserve   : .   (shield restricted)
Res.Poison: .       Res.Corr.  : .   (helmet restricted)
Res.Elec. : .       Clarity    : .   (no cloak)
Sust.Abil.: + .     Spirit.Shd : .   (gloves unavailable)
Res.Mut.  : .       Stasis     : .   (boots unavailable)
Res.Rott. : .       Flight     : .   (no amulet)
Saprovore : + . .                    (no ring)
                                     C - ring of sustain abilities

@: glowing, extremely resistant to hostile enchantments, very unstealthy
A: unfitting armour, fast metabolism 1, saprovore 1, tough skin 1, wild magic 1
a: Renounce Religion


You were on level 8 of the Dungeon.
You worshipped the Shining One. the Shining One was aware of your devotion.
You were not hungry.

You visited 2 branches of the dungeon, and saw 10 of its levels.

You collected 446 gold pieces.

Inventory:

Hand weapons
 a - a +1,+1 club {=f}
 c - a +0,+0 giant club (weapon)
 n - a +0,-3 mace
 x - a cursed +1,+1 orcish flail
Missiles
 w - 2 large rocks (quivered)
Armour
 d - a +0 animal skin
 p - the +0 robe of Bidwag (worn) {rC+ MR++ Acc+5}
   (You found it on level 7 of the Dungeon)

   It affects your accuracy (+5).
   It protects you from cold.
   It affects your resistance to hostile enchantments.
Magical devices
 o - a wand of fire (5)
 z - a wand of magic darts (18) {unknown}
Comestibles
 f - 3 meat rations
 j - 7 bread rations
 t - a pear
 u - 2 apples
 B - 8 grapes
Scrolls
 b - a scroll of teleportation
 e - 2 scrolls of amnesia
 g - a scroll of holy word {unknown}
 h - a scroll of noise {unknown}
 l - 7 scrolls of remove curse
 q - 2 scrolls of enchant weapon I {unknown}
 r - a scroll of blinking {unknown}
 s - a scroll of recharging {unknown}
 y - a scroll of enchant weapon II {unknown}
 A - a scroll of fog {unknown}
 D - a scroll of enchant armour {unknown}
 H - a scroll of curse jewellery {unknown}
 I - a scroll of immolation {unknown}
Jewellery
 C - a ring of sustain abilities (left hand)
Potions
 k - a potion of agility
 m - a potion of speed
 v - 4 potions of curing
 E - a potion of resistance {unknown}
 F - a potion of degeneration {unknown}
 G - a potion of heal wounds
Books
 i - a book of Control

   Spells                             Type                      Level
   Control Teleport                   Charms/Translocation         4
   Control Undead                     Necromancy                   4
   Enslavement                        Hexes                        4
   Mass Confusion                     Hexes                        6
   Metabolic Englaciation             Hexes/Ice                    6


   Skills:
 + Level 9.8 Fighting
 + Level 14.3 Maces & Flails
 - Level 4.3 Throwing
 - Level 1.7 Dodging
 - Level 0.7 Stealth


You had 8 spell levels left.
You didn't know any spells.

Dungeon Overview and Level Annotations

Branches:
Dungeon (9/27)             Temple (1/1) D:5             Orc (0/4) D:8
   Lair: D:8-13

Altars:
Ashenzari
Cheibriados
Elyvilon
Fedhas
Kikubaaqudgha
Makhleb
Nemelex Xobeh
Okawaru
Sif Muna
Trog
Vehumet
Xom
Yredelemnul
Zin
the Shining One


Innate Abilities, Weirdness & Mutations

You are too large for most types of armour.
You have a fast metabolism.
You can tolerate rotten meat.
You have tough skin (AC +1).
Your spells are a little harder to cast, but a little more powerful.


Message History

The troll barely misses you. The troll claws you!
* * * LOW HITPOINT WARNING * * *
The kobold hits you.
* * * LOW HITPOINT WARNING * * *
You climb upwards.
The gnoll shouts!
A gnoll comes into view.
There is a stone staircase leading down here.
Unknown command.
The gnoll hits you from afar with a halberd!
* * * LOW HITPOINT WARNING * * *
The kobold hits you.
* * * LOW HITPOINT WARNING * * *
The kobold barely misses you.
The gnoll hits you from afar with a halberd.
* * * LOW HITPOINT WARNING * * *
The troll barely misses you. The troll claws you!
* * * LOW HITPOINT WARNING * * *
The troll claws you!
You die...

# ############ #
#..........###############
#.................>.......
#........@T..........#####
#######.###K..)......# #
#.# #.g........# ##
######.###.<........####.
#........................
#.......##>.........####.
#.......##..........# #.
#.......##..........# ##
######.###..........#####


You could see a troll, a gnoll and a kobold.

Vanquished Creatures
  The ghost of yokelz the Ruffian, an experienced TrHu (D:4)
  A hippogriff (D:8)
  A necrophage (D:8)
  2 ice beasts
  2 ogres
  The ghost of AnotherOne the Sneak, an average HuAs of Xom (D:3)
  A centaur (D:5)
  Sigmund (D:2)
  A water moccasin (D:5)
  5 giant frogs
  A manticore skeleton (D:7)
  A jelly (D:5)
  A hippogriff skeleton (D:6)
  2 goliath beetles
  A centaur skeleton (D:6)
  4 crimson imps
  2 giant frog zombies
  6 orc wizards
  5 scorpions
  3 hounds
  A two-headed ogre skeleton (D:8)
  4 orc priests
  6 worker ants
  An iguana (D:6)
  An ogre zombie (D:6)
  Jessica (D:2)
  A mummy (D:7)
  8 adders
  5 gnolls
  An inept feature mimic (D:3)
  8 worms
  An adder skeleton (D:5)
  3 giant eyeballs
  3 giant geckos
  2 oozes
  32 orcs
  6 giant cockroaches
  21 goblins
  11 hobgoblins
  3 jackals (D:6)
  10 kobolds
  5 quokkas
  A ball python (D:4)
  17 bats
  A giant gecko skeleton (D:3)
  6 giant newts
  A giant spore (D:8)
  A hobgoblin skeleton (D:5)
  5 rats
  4 ballistomycetes (D:8)
212 creatures vanquished.

Vanquished Creatures (others)
  An orc (D:8)
1 creature vanquished.

Grand Total: 213 creatures vanquished

Notes
Turn   | Place    | Note
--------------------------------------------------------------
     0 | D:1      | Kejsarherre, the Ogre Hunter, began the quest for the Orb.
     0 | D:1      | Reached XP level 1. HP: 20/20 MP: 0/0
   292 | D:1      | Reached XP level 2. HP: 16/28 MP: 1/1
   762 | D:1      | Reached XP level 3. HP: 31/35 MP: 2/2
  1230 | D:2      | Noticed Jessica
  1231 | D:2      | Killed Jessica
  1231 | D:2      | Reached skill level 5 in Maces & Flails
  1231 | D:2      | Reached XP level 4. HP: 35/44 MP: 3/3
  1485 | D:2      | Noticed Sigmund
  1908 | D:3      | Reached XP level 5. HP: 18/52 MP: 4/4
  2326 | D:2      | Killed Sigmund
  2326 | D:2      | Reached skill level 6 in Maces & Flails
  2450 | D:3      | Reached XP level 6. HP: 39/61 MP: 5/5
  2641 | D:3      | Noticed AnotherOne's ghost (average HuAs)
  2651 | D:3      | Killed AnotherOne's ghost
  2651 | D:3      | Reached skill level 7 in Maces & Flails
  3698 | D:4      | Noticed yokelz's ghost (experienced TrHu)
  3704 | D:4      | Killed yokelz's ghost
  3704 | D:4      | Reached skill level 5 in Fighting
  3704 | D:4      | Reached skill level 9 in Maces & Flails
  3704 | D:4      | Reached XP level 7. HP: 68/70 MP: 6/6
  4199 | D:4      | Reached XP level 8. HP: 37/79 MP: 7/7
  4652 | D:4      | Reached skill level 10 in Maces & Flails
  4726 | D:5      | Entered Level 5 of the Dungeon
  5150 | D:5      | Found a staircase to the Ecumenical Temple.
  5166 | Temple   | Entered the Ecumenical Temple
  5205 | Temple   | Became a worshipper of the Shining One
  5520 | D:5      | Reached skill level 11 in Maces & Flails
  5530 | D:5      | Gained mutation: Your spells are a little harder to cast, but a little more powerful. [potion of beneficial mutation]
  5994 | D:6      | Found a basalt altar of Yredelemnul.
  6214 | D:6      | Reached skill level 12 in Maces & Flails
  6245 | D:6      | Reached XP level 9. HP: 59/88 MP: 8/8
  6628 | D:7      | Got a shimmering robe
  6634 | D:7      | Identified the +0 robe of Bidwag {rC+ MR++ Acc+5} (You found it on level 7 of the Dungeon)
  6984 | D:7      | Reached skill level 13 in Maces & Flails
  7222 | D:8      | Found a sand-covered staircase.
  7471 | D:8      | Paralysed by a giant eyeball for 3 turns
  7479 | D:7      | Acquired the Shining One's first power
  7909 | D:8      | Found a staircase to the Orcish Mines.
  8161 | D:8      | Paralysed by a giant eyeball for 2 turns
  8189 | D:8      | Reached skill level 14 in Maces & Flails
  8498 | D:9      | Noticed a six-headed hydra
  8519 | D:8      | Slain by a troll

Action                   |  1- 3 |  4- 6 |  7- 9 || total
-------------------------+-------+-------+-------++-------
Melee: Club              |    53 |       |       ||    53
       Mace              |    44 |    33 |     6 ||    83
       Flail             |       |   202 |   217 ||   419
       Giant club        |       |       |   171 ||   171
Throw: Large rock        |    16 |    16 |    44 ||    76
       Throwing net      |       |     4 |       ||     4
  Use: Scroll            |       |       |     9 ||     9
       Potion            |       |       |     5 ||     5
 Stab: Sleeping          |       |     1 |     1 ||     2
       Held in net/web   |       |     2 |       ||     2
